 Dungeon Crawl Stone Soup version 0.27.0-1-g7a089689b8 (webtiles) character file.

Game seed: 8647755141602068107

616 dolemite99 the Spear-Bearer (level 7, -2/50 HPs)
             Began as a Merfolk Gladiator on Aug 8, 2021.
             Was an Initiate of Gozag.
             Killed from afar by a steam dragon (7 damage)
             ... with a ball of steam
             ... on level 4 of the Dungeon.
             The game lasted 00:05:14 (4106 turns).

dolemite99 the Spear-Bearer (Merfolk Gladiator)     Turns: 4106, Time: 00:05:14

Health: -2/50      AC: 12    Str: 15 (16) XL:     7   Next: 45%
Magic:  7/7        EV:  7    Int:  6 (8)  God:    Gozag
Gold:   121        SH:  0    Dex: 12 (15) Spells: 6/6 levels left

rFire    . . .     SeeInvis .   a - +0 trident
rCold    . . .     Faith    .   (no shield)
rNeg     . . .     Spirit   .   l - +0 chain mail
rPois    .         Reflect  .   c - +0 helmet
rElec    .         Harm     .   g - +2 cloak
rCorr    .         Rampage  .   (no gloves)
Will     .....                  (no boots)
Stlth    ..........             (no amulet)
HPRegen  0.16/turn              (no ring)
MPRegen  0.10/turn              (no ring)

@: no status effects
A: (nimble swimmer 2), mertail
a: Renounce Religion, Potion Petition, Call Merchant, Bribe Branch


You were on level 4 of the Dungeon.
You worshipped Gozag.
Gozag was aware of your devotion.
You visited 1 branch of the dungeon, and saw 4 of its levels.

You collected 156 gold pieces.
You paid 35 gold pieces to Gozag.

Inventory:

Hand Weapons
 a - a +0 trident (weapon)
 o - a +0 hunting sling
Missiles
 d - 2 throwing nets
 f - 6 javelins
 i - 153 stones
 p - 3 boomerangs (quivered)
 u - 16 poisoned darts
Armour
 b - a +0 leather armour
 c - a +0 helmet (worn)
 g - a +2 cloak (worn)
 l - a +0 chain mail (worn)
Jewellery
 m - a ring of positive energy
Scrolls
 e - a scroll of enchant armour {unknown}
 h - 2 scrolls of magic mapping {unknown}
 j - 5 scrolls of identify {unknown}
 k - 2 scrolls of teleportation {unknown}
 n - a scroll of enchant weapon {unknown}
 q - 3 scrolls of amnesia {unknown}
 s - a scroll of acquirement {unknown}
 t - a scroll of fog {unknown}
Potions
 w - a potion of berserk rage {unknown}
 x - a potion of brilliance {unknown}
 z - a potion of cancellation {unknown}
 A - a potion of curing {unknown}


   Skills:
 - Level 2.1 Fighting
 + Level 11.7 Polearms
 - Level 2.0 Throwing
 - Level 4.0 Dodging


You had 6 spell levels left.
You didn't know any spells.
Your spell library contained the following spells:

 Spells                   Type           Power      Damage    Failure   Level
 Gell's Gravitas          Tloc           0%         N/A       100%        3
 Lesser Beckoning         Tloc           0%         N/A       100%        3
 Teleport Other           Tloc           0%         N/A       100%        3
 Malign Gateway           Summ/Tloc      0%         N/A       100%        7
 Summon Horrible Things   Summ           0%         N/A       100%        8


Dungeon Overview and Level Annotations

Branches:
Dungeon (4/15)
 Temple: D:4-7

Altars:
Cheibriados
Gozag
Vehumet

Shops:
D:1 !


Innate Abilities, Weirdness & Mutations

((You are quick and stealthy near water. (Stealth+, EV+, Speed+++)))
Your lower body shifts to a powerful aquatic tail in water.


Message History

The steam dragon is moderately wounded.
The steam dragon breathes steam at you. The ball of steam hits you!
* * * LOW HITPOINT WARNING * * *
The steam dragon bites you but does no damage.
The steam dragon closely misses you.
It was a potion of degeneration.
There was something very wrong with that liquid.
You feel weakened.
You feel dopey.
You feel clumsy. The steam dragon barely misses you.
The steam dragon claws you.
* * * LOW HITPOINT WARNING * * *
It was a potion of ambrosia.
You are confused.
You feel invigorated.
The steam dragon bites you but does no damage.
The steam dragon claws you.
* * * LOW HITPOINT WARNING * * *
You feel less invigorated.
You feel less confused.
The steam dragon bites you but does no damage.
The steam dragon barely misses you.
You puncture the steam dragon!
The steam dragon is severely wounded.
You closely miss the steam dragon.
The steam dragon is severely wounded.
The steam dragon bites you. The steam dragon barely misses you.
Your chain mail prevents you from hitting the steam dragon.
The steam dragon is severely wounded.
The steam dragon bites you. The steam dragon barely misses you.
You barely miss the steam dragon.
The steam dragon is severely wounded.
You hit the steam dragon.
The steam dragon is severely wounded.
The steam dragon breathes steam at you. The ball of steam hits you!
* * * LOW HITPOINT WARNING * * *
The steam dragon breathes steam at you. The ball of steam hits you!
You die...
Your body crumbles into a pile of gold.

#.............#...........###....
#.............#.............#....
##....######+###........###.#....
###### ..... ##...##.....#...###
..... #....##.###.#..####
......##........#........
......##+##.###.#........
......$.ยง.....#..........
......#D@..#..#.......... .....
#....#............. ####
###################


You could see a steam dragon (catching breath).

Vanquished Creatures
  Grinder (D:4)
  A necrophage (D:4)
  A howler monkey (D:4)
  A hound (D:4)
  An iguana (D:4)
  A centaur skeleton (D:3)
  Robin (D:2)
  3 gnolls (D:4)
  7 adders
  An adder skeleton (D:4)
  A worm (D:3)
  4 dart slugs
  5 orcs
  7 ball pythons
  8 endoplasms
  2 giant cockroaches
  12 goblins
  11 hobgoblins
  6 jackals
  4 quokkas
  4 bats
  7 frilled lizards
  7 kobolds
  2 rats
98 creatures vanquished.

Notes
Turn   | Place    | Note
-------+----------+-------------------------------------------
     0 | D:1      | dolemite99 the Merfolk Gladiator began the quest for the
                  | Orb.
     0 | D:1      | Reached XP level 1. HP: 16/16 MP: 1/1
   190 | D:1      | Reached skill level 5 in Polearms
   190 | D:1      | Reached XP level 2. HP: 15/22 MP: 2/2
   257 | D:1      | Found a faded altar of an unknown god.
   348 | D:1      | Found Agess's Distillery.
   997 | D:2      | Reached skill level 6 in Polearms
   997 | D:2      | Reached XP level 3. HP: 25/27 MP: 3/3
  1069 | D:2      | Noticed Robin
  1106 | D:2      | Killed Robin
  1532 | D:2      | Reached XP level 4. HP: 33/33 MP: 4/4
  1615 | D:2      | Reached skill level 7 in Polearms
  2164 | D:3      | Found a snail-covered altar of Cheibriados.
  2199 | D:3      | Found a radiant altar of Vehumet.
  2290 | D:3      | Reached skill level 8 in Polearms
  2335 | D:3      | Reached XP level 5. HP: 37/38 MP: 5/5
  2954 | D:3      | Reached skill level 9 in Polearms
  3234 | D:4      | Noticed Grinder
  3238 | D:4      | Reached XP level 6. HP: 42/44 MP: 6/6
  3240 | D:4      | Paralysed by Grinder for 5 turns
  3260 | D:4      | Paralysed by Grinder for 3 turns
  3264 | D:4      | Killed Grinder
  3265 | D:4      | Reached skill level 10 in Polearms
  3265 | D:4      | Reached XP level 7. HP: 23/50 MP: 7/7
  3644 | D:4      | Reached skill level 11 in Polearms
  3773 | D:4      | Found an opulent altar of Gozag.
  3811 | D:4      | Became a worshipper of Gozag Ym Sagoz the Greedy
  4076 | D:4      | Noticed a steam dragon
  4106 | D:4      | Killed from afar by a steam dragon

Illustrated notes

Levels and vault maps discovered:
D:1:      dpeg_arrival_central, layout_basic, hellmonk_ecumenical_altar_blasted,
          serial_shops, nicolae_shop_crystal
D:2:      layout_basic, minmay_distorted, uniq_robin
D:3:      layout_loops_ring, cheibriados_altar_1, nicolae_vehumet_altar_sigil
D:4:      layout_gridville, mainiacjoe_overflow_boulevard,
          hangedman_abyss_or_decor_stabs, ebering_dispersal_statue_hall,
          uniq_grinder

Skill      XL: |  1  2  3  4  5  6  7 |
---------------+----------------------+-----
Polearms       | 5 6 8 9 10 11 | 11.7
Fighting       | |  2.1
Throwing       | |  2.0
Dodging        | |  4.0

Action                   |  1- 3 |  4- 6 |  7- 9 || total
-------------------------+-------+-------+-------++-------
Melee: Trident           |    88 |   129 |    68 ||   285
Throw: Javelin           |    14 |    38 |       ||    52
       Boomerang         |       |     5 |     8 ||    13
       Throwing net      |       |     3 |       ||     3
  Use: Potion            |       |       |     2 ||     2
 Stab: Sleeping          |     2 |       |       ||     2
Armor: Leather armour    |    25 |       |       ||    25
       Chain mail        |       |    55 |    21 ||    76
Dodge: Dodged            |    53 |    42 |    25 ||   120
